Map: Ephemeron LE

Players

Mez - Winner!

  • Race: Terran Terran
  • League: Master
  • Spawn Location: 5:00

Coalgan

  • Race: Terran Terran
  • League: Master
  • Spawn Location: 11:00

VOD

Have the link to the VOD?

Description

Time

  • Played on: Aug. 31, 2019, 2:59 a.m.
  • Length: 15:28
Show
View Real Time Build Order
Export as new Build Order

Mez Terran - Winner!

Build Orders: Gas First Reaper Expand 

Get SALT Encoding   

  12  0:00  SCV  
  13  0:13  SCV  
  14  0:17  Supply Depot  
  14  0:25  SCV  
  14  0:28  Refinery  
  15  0:39  SCV  
  16  0:46  Barracks  
  16  0:51  SCV  
  17  1:03  SCV  
  18  1:15  SCV  
  19  1:34  Orbital Command, Reaper  
  20  1:47  Command Center  
  20  2:01  Factory  
  20  2:07  SCV  
  21  2:09  Barracks Reactor  
  21  2:12  Reaper  
  21  2:15  Refinery  
  22  2:19  SCV  
  23  2:27  Supply Depot  
  23  2:44  Barracks Reactor  
  23  2:49  SCV  
  24  2:51  Factory Tech Lab  
  24  3:00  Orbital Command  
  24  3:07  SCV, Starport  
  25  3:19  SCV  
  25  3:23  Marine x2, Cyclone  
  30  3:28  SCV  
  30  3:31  SCV  
  30  3:32  Refinery  
  32  3:40  SCV  
  32  3:41  Marine x2  
  34  3:43  SCV  
  34  3:44  Starport Tech Lab  
  36  3:52  SCV  
  36  3:55  Siege Tank, SCV  
  41  4:03  Marine x2  
  41  4:04  SCV  
  41  4:07  SCV  
  45  4:15  Supply Depot  
  45  4:16  SCV  
  46  4:24  Command Center  
  46  4:36  Raven  
  46  4:37  SCV x2  
  50  4:39  Marine x2  
  52  4:46  Barracks  
  52  4:50  Barracks  
  52  4:53  SCV x2  
  54  5:06  Supply Depot  
  54  5:08  Supply Depot  
  54  5:13  Siege Tank, SCV x2  
  59  5:17  Refinery  
  59  5:21  Engineering Bay x2  
  59  5:25  SCV x2  
  61  5:32  Supply Depot  
  61  5:34  Supply Depot  
  61  5:35  Barracks Reactor  
  61  5:37  Barracks Reactor  
  61  5:38  SCV x2  
  61  5:42  Orbital Command  
  63  5:49  Siege Tank  
  66  5:50  SCV x2  
  66  5:54  Stimpack  
  68  5:57  Terran Infantry Weapons Level 1  
  68  5:59  Terran Infantry Armor Level 1  
  68  6:04  SCV, Orbital Command  
  68  6:05  SCV  
  71  6:12  Marine x2, Marauder  
  71  6:17  SCV  
  75  6:19  Medivac x2  
  75  6:21  SCV  
  80  6:29  SCV  
  80  6:31  SCV  
  82  6:33  SCV  
  82  6:34  Siege Tank  
  82  6:35  Supply Depot  
  82  6:36  Marine  
  82  6:37  Supply Depot  
  87  6:41  Marine x2, SCV  
  87  6:43  SCV  
  87  6:44  Marine x2  
  87  6:45  SCV  
  94  6:53  SCV  
  91  6:58  SCV x2  
  91  6:59  Medivac x2  
  97  7:03  Supply Depot x2  
  97  7:05  SCV  
  98  7:10  SCV  
  98  7:14  Marine  
  98  7:15  Marine x4  
  93  7:16  SCV  
  93  7:17  SCV  
  93  7:20  Refinery  
  96  7:23  Command Center  
  96  7:34  Medivac x2  
  96  7:35  Marine x3  
  96  7:36  Marine  
  100  7:42  Barracks, SCV x2, Supply Depot  
  100  7:43  Barracks, SCV, Supply Depot  
  103  7:45  Refinery  
  103  7:54  Marine, Marauder  
  103  7:55  Marine  
  103  7:56  Combat Shield  
  107  7:58  SCV x3  
  110  8:10  SCV  
  111  8:13  Marine x4  
  111  8:14  SCV x2  
  117  8:21  Supply Depot  
  117  8:23  Marine, Starport, Supply Depot, Armory  
  117  8:25  Starport  
  116  8:30  Marine  
  116  8:31  Marine  
  118  8:42  Marine x2, Marauder, Barracks Tech Lab x2  
  118  8:43  SCV x2  
  118  8:46  Viking x2  
  128  8:49  Refinery  
  128  8:52  Barracks x2  
  128  8:53  Supply Depot  
  128  8:54  Barracks  
  128  8:55  Supply Depot  
  128  8:58  Siege Tank  
  131  9:04  Marauder  
  131  9:05  Planetary Fortress  
  131  9:06  Refinery  
  133  9:22  SCV x2  
  135  9:34  Viking x2  
  135  9:36  Starport Reactor  
  113  9:48  Marauder  
  113  9:49  Marine x3, Marauder x2, Barracks Tech Lab x3  
  113  9:50  Siege Tank  
  117  9:55  Starport Tech Lab  
  117  9:56  Terran Infantry Weapons Level 2  
  117  9:57  Terran Infantry Armor Level 2  
  117  9:58  Terran Ship Weapons Level 1  
  115  10:00  Fusion Core  
  115  10:10  Marauder  
  116  10:16  Starport x2  
  116  10:20  Marauder x3, Viking x4  
  116  10:21  Viking  
  129  10:23  Marine x2, Marauder x2  
  135  10:31  Marauder  
  137  10:39  Marine x2  
  137  10:41  Marauder x3  
  145  10:45  Concussive Shells  
  144  10:50  Viking x3  
  144  10:52  Advanced Ballistics  
  150  11:10  Command Center  
  150  11:19  Command Center, Starport Reactor  
  150  11:20  Starport Reactor  
  150  11:21  Viking x4  
  150  11:22  Viking  
  160  11:29  Marauder x6  
  172  11:40  Liberator x5  
  172  12:00  Viking x4  
  195  12:05  Siege Tank  
  198  12:14  Liberator  
  196  12:23  Planetary Fortress  
  196  12:28  Refinery  
  196  12:34  Terran Infantry Armor Level 3, Terran Infantry Weapons Level 3, Terran Ship Weapons Level 2  
  199  12:41  Refinery  
  199  12:56  Planetary Fortress  
  199  12:58  Refinery  
  171  13:16  Liberator x5  
  171  13:17  Refinery  
  164  13:21  Marine  
  164  13:22  Marine x4, Marauder x4  
  164  13:23  Marauder  
  183  13:40  Marine x4, Marauder  
  189  13:43  Marauder x2  
  189  13:44  Marauder x2  
  192  14:04  Siege Tank, Marauder x2  
  199  14:13  Marine  
  200  14:38  Command Center x2  
  200  14:39  Command Center  
  200  14:40  Command Center  
  200  14:42  Command Center  
  196  14:56  Siege Tank  
Show
View Real Time Build Order
Export as new Build Order

Coalgan Terran 

Build Orders: Mech 

Get SALT Encoding   

  12  0:00  SCV  
  13  0:13  SCV  
  14  0:17  Supply Depot  
  14  0:25  SCV  
  15  0:38  SCV  
  15  0:40  Barracks  
  16  0:46  Refinery  
  16  0:51  SCV  
  17  1:03  SCV  
  18  1:15  SCV  
  19  1:27  Marine, Orbital Command  
  20  1:44  Command Center  
  20  1:46  Marine  
  21  1:57  Supply Depot  
  21  1:59  SCV  
  22  2:04  Marine  
  23  2:12  Factory  
  23  2:19  SCV  
  23  2:22  Marine  
  24  2:26  Bunker  
  25  2:30  Refinery  
  25  2:31  SCV  
  26  2:40  Marine  
  26  2:43  SCV  
  28  2:55  SCV  
  28  2:58  Marine, Orbital Command  
  29  3:00  Factory Tech Lab  
  29  3:01  Starport  
  30  3:11  SCV  
  31  3:21  Siege Tank  
  31  3:23  SCV  
  31  3:24  SCV  
  36  3:35  SCV  
  36  3:36  SCV  
  36  3:37  Engineering Bay  
  36  3:38  Supply Depot  
  36  3:40  Viking  
  40  3:42  Marine  
  40  3:47  SCV  
  42  3:48  SCV  
  42  3:55  Supply Depot  
  43  4:02  Siege Tank  
  46  4:07  SCV  
  46  4:08  SCV  
  48  4:10  Viking  
  50  4:19  SCV  
  50  4:23  Command Center  
  51  4:26  SCV  
  52  4:31  SCV  
  53  4:39  SCV  
  53  4:42  Siege Tank  
  53  4:44  SCV  
  58  4:47  Refinery  
  58  4:49  Refinery  
  58  4:51  SCV  
  59  4:56  SCV, Starport Reactor  
  60  5:00  Factory  
  60  5:03  SCV  
  61  5:08  SCV, Factory  
  62  5:19  Supply Depot x2  
  62  5:22  SCV x2  
  62  5:25  Armory  
  64  5:33  Viking  
  64  5:34  SCV x2  
  68  5:35  Orbital Command  
  68  5:42  Siege Tank  
  71  5:45  Factory Reactor  
  71  5:46  SCV  
  72  5:51  Factory Reactor  
  72  5:52  SCV  
  73  5:59  SCV  
  73  6:01  Viking  
  73  6:04  SCV  
  77  6:07  SCV  
  77  6:11  SCV  
  79  6:12  Missile Turret  
  79  6:15  Missile Turret, Terran Vehicle Weapons Level 1  
  79  6:17  Siege Tank  
  79  6:18  Missile Turret  
  82  6:23  Missile Turret  
  82  6:25  Missile Turret  
  82  6:26  SCV x3  
  82  6:28  Hellion  
  82  6:29  Hellion  
  82  6:32  Hellion  
  91  6:34  Hellion, Orbital Command  
  93  6:54  Hellion x3  
  99  7:02  SCV  
  99  7:03  SCV  
  101  7:09  Siege Tank, SCV, Supply Depot x2  
  101  7:10  Supply Depot  
  101  7:15  SCV  
  106  7:16  Viking  
  108  7:24  Sensor Tower  
  108  7:28  SCV  
  109  7:30  SCV, Viking  
  109  7:31  Hellion, Refinery x2  
  111  7:39  Hellion x2  
  111  7:41  Siege Tank  
  118  7:44  Hellion  
  118  7:45  Liberator x2  
  118  7:51  Factory  
  119  7:52  Factory  
  119  7:54  Hellion  
  119  8:00  Hellbat  
  127  8:08  Supply Depot x3  
  127  8:09  SCV x2  
  129  8:13  Siege Tank  
  132  8:28  SCV  
  132  8:29  SCV x2  
  132  8:30  Hellion x2, Hellbat  
  141  8:36  Factory Tech Lab x2, Hellbat  
  141  8:40  SCV  
  144  8:43  SCV x2  
  144  8:48  Supply Depot  
  146  8:49  Hellion x5  
  146  8:50  Supply Depot  
  146  8:51  Supply Depot  
  146  8:56  Hellbat x2  
  146  8:58  Missile Turret  
  146  9:01  Viking x2  
  146  9:02  Terran Vehicle Weapons Level 2  
  154  9:07  Armory  
  154  9:08  Hellbat  
  156  9:22  Infernal Pre-Igniter  
  156  9:23  Supply Depot  
  156  9:28  Siege Tank, Hellion x2  
  149  9:42  Siege Tank x2, Hellbat x2, Viking x2  
  149  9:44  Hellion x8  
  135  9:58  Command Center  
  135  10:01  Terran Vehicle And Ship Armor Level 1  
  135  10:12  Viking x2  
  139  10:17  Siege Tank, Hellbat x5  
  150  10:32  Supply Depot  
  150  10:35  Thor  
  150  10:42  Viking x2  
  148  10:44  Siege Tank, Hellbat x2  
  148  10:45  Hellbat  
  155  10:50  Hellbat  
  157  11:04  Starport  
  157  11:07  Starport  
  157  11:08  Thor  
  163  11:18  Terran Ship Weapons Level 1  
  163  11:28  Missile Turret x2  
  163  11:29  Viking x2  
  163  11:30  Missile Turret  
  167  11:36  Hellbat x3  
  167  11:38  Hellbat  
  167  11:39  Thor  
  181  12:05  Siege Tank, Hellbat  
  186  12:14  Missile Turret x2  
  186  12:18  Missile Turret  
  186  12:20  Viking x4  
  186  12:21  Missile Turret  
  194  12:23  Terran Vehicle And Ship Armor Level 2  
  194  12:28  Planetary Fortress  
  194  12:34  Sensor Tower  
  194  12:36  Refinery  
  194  12:37  Refinery  
  194  12:38  Hellbat  
  196  12:47  Hellbat  
  196  12:50  Viking  
  184  13:06  Siege Tank x2, Hellbat x2  
  184  13:12  Viking x3  
  189  13:22  Viking  
  142  13:42  Thor, Viking x3, Hellbat x3  
  153  13:52  Viking  
  153  13:54  Hellbat x3  
  157  14:12  Viking x3  
  157  14:15  Siege Tank  
  161  14:22  Viking  
  133  14:41  Command Center  
  133  14:42  Viking x3  
  126  14:52  Viking  
Tags
 
Composition
Mech
Matchup
TvT
Race
Terran
Replay Pack
Spawningtool_Mez
Spawn Locations
Cross Positions
Add a new tag
Caveats
  • Supply blocks, unpowered buildings, or Contaminate may cause inaccurate times.
  • Supply counts are checked every 10 seconds.